[Event "Titled Tuesday Blitz May 16 Early 2023"]
[White "Torres Dominguez, David"]
[Black "Barbot, Pierre"]
[WhiteFideId "2220857"]
[BlackFideId "663727"]
[WhiteElo "1999"]
[BlackElo "2431"]
[Result "0-1"]
[Round "10"]
[TimeControl "180+2"]
[Date "2023.05.16"]
[WhiteClock "0:00:31"]
[BlackClock "0:00:04"]

1. e4 c6 2. Nf3 d5 3. d3 Bg4 4. Be2 Nd7 5. Nfd2 Bxe2 6. Qxe2 e5 7. O-O Bd6 8. d4 exd4 9. exd5+ Qe7 10. Qxe7+ Nxe7 11. dxc6 Nxc6 12. Nc4 Bc7 13. Re1+ Kf8 14. b3 f6 15. Ba3+ Kf7 16. Nbd2 Rhe8 17. Ne4 Kg6 18. Rad1 b5 19. Ncd6 Bxd6 20. Nxd6 Rxe1+ 21. Rxe1 b4 22. Bb2 Nde5 23. h3 Rd8 24. Nc4 Nxc4 25. bxc4 d3 26. cxd3 Rxd3 27. Re6 Na5 28. Kh2 Rd2 29. Bc1 Rxa2 30. Ra6 Rc2 31. Be3 Nxc4 32. Bxa7 b3 33. Ra4 b2 34. Rb4 Rc1 35. Be3 b1=Q 0-1


[Site "https://www.chess.com"]

[Event "Titled Tuesday Blitz May 16 Early 2023"]
[White "Maluco_do_Natal_00"]
[Black "Weber, Samuel"]
[BlackFideId "12924008"]
[WhiteElo "2038"]
[BlackElo "2162"]
[Result "0-1"]
[Round "10"]
[TimeControl "180+2"]
[Date "2023.05.16"]
[WhiteClock "0:00:00"]
[BlackClock "0:00:29"]

1. e4 c5 2. Nf3 Nc6 3. d4 cxd4 4. Nxd4 e5 5. Nb5 d6 6. N1c3 a6 7. Na3 Nf6 8. Bg5 b5 9. Nd5 Be7 10. Bxf6 Bxf6 11. c3 O-O 12. Nc2 Rb8 13. a4 Bg5 14. axb5 axb5 15. Bd3 Be6 16. Ncb4 Nxb4 17. Nxb4 Kh8 18. Nc6 Qb6 19. Nxb8 Rxb8 20. O-O Bd8 21. Qe2 Qc6 22. Rfc1 Bb6 23. h3 f5 24. Kh1 fxe4 25. Bxe4 d5 26. Bf3 e4 27. Bg4 Bf7 28. Rd1 Bc5 29. b4 Bb6 30. Ra6 Qb7 31. Rda1 h6 32. Qxb5 Bxf2 33. Qxb7 Rxb7 34. Ra8+ Kh7 35. Bf5+ g6 36. Bg4 Rc7 37. Rc1 Be3 38. Rc2 d4 39. Ra3 d3 40. Rca2 Bxa2 0-1


[Site "https://www.chess.com"]

[Event "Titled Tuesday Blitz May 16 Early 2023"]
[White "stratacticos"]
[Black "Rose, Felix"]
[BlackFideId "5105722"]
[WhiteElo "1908"]
[BlackElo "2039"]
[Result "0-1"]
[Round "10"]
[TimeControl "180+2"]
[Date "2023.05.16"]
[WhiteClock "0:01:14"]
[BlackClock "0:00:13"]

1. e4 d6 2. d4 Nf6 3. Nc3 g6 4. Be2 Bg7 5. Be3 O-O 6. g4 c6 7. g5 Nfd7 8. h4 b5 9. a3 a5 10. Nh3 Bb7 11. Qd2 b4 12. axb4 axb4 13. Na2 c5 14. f3 cxd4 15. Bxd4 Bxd4 16. Qxd4 Nc6 17. Qd2 Qb6 18. b3 Ba6 19. Bxa6 Rxa6 20. Nf2 Rfa8 21. h5 Rxa2 22. Rxa2 Rxa2 23. hxg6 Ra1+ 24. Nd1 hxg6 25. Ke2 Nd4+ 26. Kd3 Ne5+ 0-1


[Site "https://www.chess.com"]

[Event "Titled Tuesday Blitz May 16 Early 2023"]
[White "Mazurkiewicz, Michal"]
[Black "Winkels, Marcel"]
[WhiteFideId "1124943"]
[BlackFideId "1003887"]
[WhiteElo "2054"]
[BlackElo "1900"]
[Result "1-0"]
[Round "10"]
[TimeControl "180+2"]
[Date "2023.05.16"]
[WhiteClock "0:02:28"]
[BlackClock "0:00:01"]

1. e4 Nf6 2. d3 d5 3. Nd2 c5 4. Ngf3 Nc6 5. g3 d4 6. Bg2 e5 7. Nc4 Bd6 8. a4 h6 9. O-O O-O 10. Nh4 Be6 11. b3 a6 12. Bd2 b5 13. axb5 Bxc4 14. bxc4 axb5 15. cxb5 Nb4 16. Rxa8 Qxa8 17. Nf5 Qb8 18. f4 exf4 19. Bxf4 Bxf4 20. Rxf4 Qxb5 21. Nxh6+ Kh7 22. Rxf6 gxf6 23. Qh5 Kg7 24. Nf5+ 1-0


[Site "https://www.chess.com"]

[Event "Titled Tuesday Blitz May 16 Early 2023"]
[White "ritanovikova"]
[Black "Goswami, Vedant"]
[BlackFideId "5003725"]
[WhiteElo "2130"]
[BlackElo "2011"]
[Result "0-1"]
[Round "10"]
[TimeControl "180+2"]
[Date "2023.05.16"]
[WhiteClock "0:00:06"]
[BlackClock "0:00:02"]

1. e4 d6 2. d4 g6 3. Nf3 Bg7 4. Be3 Nf6 5. Nbd2 Ng4 6. Bf4 Nc6 7. c3 e5 8. Bg5 f6 9. Bh4 h5 10. h3 Nh6 11. Bb5 O-O 12. Bxc6 bxc6 13. dxe5 dxe5 14. Nxe5 Qe8 15. Nef3 Ba6 16. Qb3+ Kh7 17. O-O-O Rb8 18. Qa3 Bd3 19. Rhe1 Rf7 20. c4 Rd7 21. Re3 Rbd8 22. Ne1 Bxc4 23. Qc3 Bb5 24. Nef3 Rd3 25. Rxd3 Rxd3 26. Qc2 Nf7 27. Nb3 Rxd1+ 28. Kxd1 Nd6 29. Nfd2 f5 30. f3 fxe4 31. Nxe4 Nxe4 32. fxe4 Qd7+ 33. Qd2 Qe6 34. Nd4 Qxa2 35. Nf3 Qb1+ 36. Qc1 Qd3+ 37. Qd2 Qb1+ 38. Qc1 Qxb2 39. Ng5+ Kh8 40. Qf4 Ba4+ 41. Ke1 Qa1+ 42. Kf2 Qf6 43. Qxf6 Bxf6 44. Nf7+ Kg7 45. Bxf6+ Kxf6 46. Nd8 c5 47. Ke3 Ke7 48. Nb7 c4 49. Nc5 Bc6 50. Kd4 Kd6 51. Kxc4 Ke5 52. Na6 Bxe4 53. g3 g5 54. Nxc7 h4 55. gxh4 gxh4 56. Nb5 Bg2 57. Nxa7 Bxh3 58. Kd3 Bf1+ 59. Ke3 h3 60. Kf2 h2 61. Nc6+ Kd6 62. Nd4 h1=Q 63. Nf5+ Ke5 64. Ng3 Qg2+ 65. Ke1 Qxg3+ 66. Kxf1 Qh2 67. Ke1 Kd4 68. Kd1 Kc3 69. Kc1 Qh1# 0-1


[Site "https://www.chess.com"]

[Event "Titled Tuesday Blitz May 16 Early 2023"]
[White "Jaivardhan Raj"]
[Black "Yonal, Timur"]
[WhiteFideId "25744437"]
[BlackFideId "44115725"]
[WhiteElo "1772"]
[BlackElo "1966"]
[Result "0-1"]
[Round "10"]
[TimeControl "180+2"]
[Date "2023.05.16"]
[WhiteClock "0:00:38"]
[BlackClock "0:00:34"]

1. e4 c5 2. Nf3 d6 3. d4 cxd4 4. Qxd4 Nf6 5. c4 Nc6 6. Qe3 e5 7. Nc3 Be7 8. h3 O-O 9. Be2 Be6 10. O-O Nd7 11. Rd1 Qc7 12. Rb1 a6 13. b3 Nb4 14. Qd2 Nc5 15. Ba3 Nc6 16. Rbc1 Rfd8 17. b4 Nd7 18. Nd5 Qb8 19. b5 axb5 20. cxb5 Bxd5 21. exd5 Nd4 22. Nxd4 exd4 23. Bb4 Nc5 24. Qxd4 Rxa2 25. Bc4 Ra4 26. Bxc5 dxc5 27. Qe3 Bd6 28. Re1 Bf4 29. Qb3 Rb4 30. Qf3 Bxc1 31. Rxc1 Qd6 32. Qe3 g6 33. Ba2 Ra8 34. Bc4 Qf6 35. d6 Qxd6 36. Qf3 Rxc4 0-1


[Site "https://www.chess.com"]

[Event "Titled Tuesday Blitz May 16 Early 2023"]
[White "lluiss"]
[Black "Flis, Pawel"]
[BlackFideId "1112864"]
[WhiteElo "2278"]
[BlackElo "1822"]
[Result "1-0"]
[Round "10"]
[TimeControl "180+2"]
[Date "2023.05.16"]
[WhiteClock "0:00:35"]
[BlackClock "0:00:10"]

1. Nf3 Nf6 2. c4 g6 3. g3 Bg7 4. Bg2 O-O 5. O-O d6 6. d4 Nc6 7. Nc3 a6 8. d5 Na5 9. b3 c5 10. dxc6 Nxc6 11. Be3 Ng4 12. Bd2 Bf5 13. Rc1 Nb4 14. h3 Ne5 15. Nd4 Bc8 16. Be3 Rb8 17. f4 Nec6 18. Nf3 Bxc3 19. Rxc3 Nxa2 20. Rd3 Nab4 21. Rd2 Qa5 22. Nd4 Nxd4 23. Bxd4 Nc6 24. Ba1 Be6 25. Kh2 h5 26. h4 Bg4 27. Qc2 Qb6 28. Qc3 f6 29. e4 Rbc8 30. e5 dxe5 31. Bxc6 Qxc6 32. fxe5 b5 33. Rdf2 bxc4 34. exf6 cxb3 35. fxe7 Qxc3 36. exf8=Q+ Rxf8 37. Rxf8+ Kh7 38. Bxc3 Be6 39. Rh8# 1-0


[Site "https://www.chess.com"]

[Event "Titled Tuesday Blitz May 16 Early 2023"]
[White "Pein, Jonathan"]
[Black "FunnyDuck66"]
[WhiteFideId "417092"]
[WhiteElo "2151"]
[BlackElo "2206"]
[Result "1-0"]
[Round "10"]
[TimeControl "180+2"]
[Date "2023.05.16"]
[WhiteClock "0:00:21"]
[BlackClock "0:00:00"]

1. Nf3 d5 2. e3 Nf6 3. d4 Bf5 4. Bd3 Bg6 5. c4 e6 6. O-O c6 7. Nc3 Bd6 8. c5 Bc7 9. b4 Nbd7 10. a4 e5 11. dxe5 Nxe5 12. Bxg6 hxg6 13. h3 Qe7 14. Bb2 g5 15. Nxg5 Nc4 16. Qe2 Qe5 17. f4 Qe7 18. e4 Nxb2 19. Qxb2 dxe4 20. Ncxe4 Nxe4 21. Nxe4 O-O-O 22. Rae1 Qd7 23. Ng5 Rhe8 24. Rxe8 Rxe8 25. Qxg7 Re2 26. Qxf7 Qd2 27. Qf8+ Bd8 28. Qf5+ Kb8 29. Qg4 Bf6 30. Nf3 Qe3+ 31. Kh1 a6 32. h4 Bc3 33. h5 Bxb4 34. h6 Qe7 35. Qg7 Qe8 36. h7 Qh5+ 37. Nh2 1-0


[Site "https://www.chess.com"]

[Event "Titled Tuesday Blitz May 16 Early 2023"]
[White "Kopczynski, Michal"]
[Black "Tarnowska, Aleksandra"]
[WhiteFideId "1124200"]
[BlackFideId "1180967"]
[WhiteElo "2212"]
[BlackElo "1776"]
[Result "1-0"]
[Round "10"]
[TimeControl "180+2"]
[Date "2023.05.16"]
[WhiteClock "0:00:49"]
[BlackClock "0:00:00"]

1. e4 c5 2. d4 cxd4 3. c3 d5 4. exd5 Qxd5 5. cxd4 e6 6. Nf3 Nf6 7. Bd3 Be7 8. Nc3 Qd6 9. O-O a6 10. Bg5 O-O 11. Rc1 Bd7 12. Ne5 Bc6 13. Ne2 h6 14. Bf4 Qd5 15. f3 Nbd7 16. Nc4 b5 17. Ne3 Qxa2 18. Rxc6 Qxb2 19. Qc2 Qxc2 20. Bxc2 b4 21. Ra1 a5 22. Nc4 Nd5 23. Rxa5 Rac8 24. Rxc8 Rxc8 25. Bb3 Bf6 26. Bd2 Nf8 27. Kf2 Ng6 28. Nd6 Rd8 29. Ne4 Be7 30. Bxd5 exd5 31. Nc5 Bf8 32. Bxb4 Rb8 33. Bc3 Rb1 34. Nd7 Kh7 35. Nxf8+ Nxf8 36. Ra7 Kg6 37. Nf4+ Kh7 38. Rxf7 Rc1 39. Rxf8 Rxc3 40. Nxd5 Rd3 41. Rd8 Rd2+ 42. Kg3 Kg6 43. Nf4+ Kg5 44. d5 g6 45. Rg8 Kf5 46. Nxg6 h5 47. Ne7+ Kf6 48. d6 h4+ 49. Kxh4 Rd4+ 50. g4 Rd2 51. Nf5 Ke5 52. Rd8 Kf4 53. Kh5 Rxh2+ 54. Kg6 Kxf3 55. d7 Kxg4 56. Rg8 Rg2 57. d8=Q Kh3+ 58. Kf7 Rg7+ 59. Rxg7 1-0


[Site "https://www.chess.com"]

[Event "Titled Tuesday Blitz May 16 Early 2023"]
[White "Ziatdinov, Raset"]
[Black "ChawitAp"]
[WhiteFideId "2015323"]
[WhiteElo "2220"]
[BlackElo "2215"]
[Result "1-0"]
[Round "10"]
[TimeControl "180+2"]
[Date "2023.05.16"]
[WhiteClock "0:01:44"]
[BlackClock "0:00:22"]

1. e4 c6 2. d4 g6 3. Nc3 Bg7 4. Nf3 d5 5. exd5 cxd5 6. Bd3 Nf6 7. h3 O-O 8. Bf4 Nc6 9. O-O Bf5 10. Bxf5 gxf5 11. Ne5 e6 12. f3 Qb6 13. Ne2 Nxe5 14. Bxe5 Rac8 15. b3 Qc6 16. Rc1 Qa6 17. a4 Rc6 18. Qd2 Kh8 19. Ng3 Qb6 20. Qg5 Ne8 21. Qe7 Rg8 22. a5 Qd8 23. Qxd8 1-0


[Site "https://www.chess.com"]

[Event "Titled Tuesday Blitz May 16 Early 2023"]
[White "Mike24147"]
[Black "hsd2016"]
[WhiteElo "2307"]
[BlackElo "2194"]
[Result "1/2-1/2"]
[Round "10"]
[TimeControl "180+2"]
[Date "2023.05.16"]
[WhiteClock "0:00:31"]
[BlackClock "0:00:06"]

1. c4 c6 2. g3 d5 3. Bg2 Nf6 4. Nf3 Nbd7 5. O-O e5 6. cxd5 cxd5 7. d4 e4 8. Ne5 Bd6 9. Nxd7 Bxd7 10. Nc3 O-O 11. Bg5 Bc6 12. f3 exf3 13. exf3 h6 14. Be3 Re8 15. Bf2 Re7 16. Re1 Qd7 17. Rxe7 Qxe7 18. Qd2 Re8 19. Re1 Qd7 20. Rxe8+ Qxe8 21. Qe2 Qxe2 22. Nxe2 Kf8 23. Kf1 Ke7 24. Ke1 Nd7 25. Nc3 Nb6 26. b3 Ke6 27. Be3 f5 28. Ke2 g5 29. Bd2 Kf6 30. Kd3 Nd7 31. a4 a6 32. f4 Nf8 33. fxg5+ hxg5 34. Nxd5+ Ke6 35. Ne3 f4 36. Bh3+ Ke7 37. Nf5+ Kd7 38. Nxd6+ Kxd6 39. gxf4 gxf4 40. Bxf4+ Ke7 41. Bf5 Bd5 42. Kc3 Ne6 43. Be5 Ng5 44. h4 Nf3 45. h5 Nh4 46. Bd3 Nf3 47. b4 Kf7 48. Bg6+ Kg8 49. b5 axb5 50. axb5 Ng5 51. Kb4 Ne4 52. Ka5 Nc3 53. Kb4 Ne4 54. Ka5 Nc3 55. Kb6 Na4+ 56. Kc7 Nc3 57. b6 Nb5+ 58. Kb8 Na3 59. Be8 Nc4 60. Bd7 Nxb6 61. Bc8 Nxc8 62. Kxc8 b5 63. Bf4 b4 64. Bd2 b3 65. Bc3 Kh7 66. Kd7 Kh6 67. Kd6 Bc4 68. Kc5 Bg8 1/2-1/2


[Site "https://www.chess.com"]

[Event "Titled Tuesday Blitz May 16 Early 2023"]
[White "Onslow, Alfie"]
[Black "Ciuffoletti, Paolo"]
[WhiteFideId "436976"]
[BlackFideId "807630"]
[WhiteElo "2114"]
[BlackElo "2143"]
[Result "1-0"]
[Round "10"]
[TimeControl "180+2"]
[Date "2023.05.16"]
[WhiteClock "0:00:01"]
[BlackClock "0:00:01"]

1. e4 c5 2. Nc3 Nc6 3. Bb5 g6 4. Bxc6 dxc6 5. f4 Bg7 6. Nf3 Nf6 7. d3 b5 8. O-O O-O 9. Qe1 c4 10. d4 b4 11. Nd1 c5 12. d5 Bg4 13. Qe3 e6 14. dxe6 fxe6 15. Nf2 Bxf3 16. Qxf3 Nh5 17. Qg4 Qd6 18. e5 Qd5 19. Rd1 Qc6 20. Be3 Rad8 21. Qg5 Rxd1+ 22. Rxd1 Rf5 23. Rd8+ Bf8 24. Qh4 Qc7 25. Ng4 b3 26. axb3 cxb3 27. cxb3 Kg7 28. Rd1 Be7 29. Qf2 Qb7 30. g3 Qxb3 31. Rd7 Kf8 32. Bxc5 Rf7 33. Rxe7 Rxe7 34. Qd2 Qf3 35. Qd8+ 1-0


[Site "https://www.chess.com"]

[Event "Titled Tuesday Blitz May 16 Early 2023"]
[White "Zaichenko, Daria"]
[Black "zsizsi99"]
[WhiteFideId "4197453"]
[WhiteElo "2039"]
[BlackElo "2144"]
[Result "0-1"]
[Round "10"]
[TimeControl "180+2"]
[Date "2023.05.16"]
[WhiteClock "0:00:11"]
[BlackClock "0:00:05"]

1. e4 c5 2. Nf3 d6 3. d4 cxd4 4. Nxd4 Nf6 5. Nc3 a6 6. Bd3 e5 7. Nb3 Be7 8. a4 O-O 9. O-O b6 10. h3 Bb7 11. f4 Nbd7 12. f5 d5 13. Qf3 Nc5 14. Nxc5 Bxc5+ 15. Kh2 dxe4 16. Nxe4 Nxe4 17. Bxe4 Bxe4 18. Qxe4 Qd4 19. Qxd4 Bxd4 20. c3 Bc5 21. f6 b5 22. Bg5 g6 23. axb5 axb5 24. Rxa8 Rxa8 25. Rd1 b4 26. Rd5 Bf8 27. Kg1 h6 28. Be3 Ra1+ 29. Kh2 Ra8 30. cxb4 g5 31. Bc5 Kh7 32. Rxe5 Kg6 33. Rd5 Kxf6 34. Rd7 Rb8 35. Bxf8 Rxf8 36. Rd6+ Kg7 37. Rb6 Rc8 38. b5 Rc2 39. Rb8 Rxb2 40. b6 Kf6 41. b7 h5 42. Kg3 Rb3+ 43. Kf2 h4 44. Ke2 Kf5 45. Kf2 Kf4 46. Ke2 Rb2+ 47. Kd3 f6 48. Kc3 Rb6 49. Kc4 Kg3 50. Kc5 Rb1 51. Kc6 Kxg2 52. Rf8 Kxh3 53. Rxf6 g4 54. Rf5 Rxb7 55. Kxb7 g3 56. Rg5 g2 57. Kc6 Kh2 58. Kd5 g1=Q 59. Rxg1 Kxg1 60. Ke4 h3 0-1


[Site "https://www.chess.com"]

[Event "Titled Tuesday Blitz May 16 Early 2023"]
[White "Benaddi, Mouhcine"]
[Black "agvania123"]
[WhiteFideId "9001050"]
[WhiteElo "2036"]
[BlackElo "2222"]
[Result "0-1"]
[Round "10"]
[TimeControl "180+2"]
[Date "2023.05.16"]
[WhiteClock "0:00:11"]
[BlackClock "0:00:34"]

1. Nf3 d5 2. g3 e6 3. Bg2 Nf6 4. d4 b6 5. O-O Bb7 6. c4 Nbd7 7. Nc3 Be7 8. Ne5 O-O 9. Qa4 Nxe5 10. dxe5 Ne4 11. Nxe4 dxe4 12. Rd1 Qc8 13. Qc2 e3 14. Bxe3 Bxg2 15. Kxg2 Qb7+ 16. f3 Rad8 17. a3 a5 18. c5 Qc6 19. b4 h6 20. Rxd8 Rxd8 21. Rc1 axb4 22. axb4 Qb5 23. cxb6 cxb6 24. Qc7 Qxe2+ 25. Bf2 Rd2 26. Qxb6 Bxb4 27. Rc8+ Kh7 28. h4 Ra2 29. Qd4 Be1 30. Qd8 Qxf2+ 31. Kh3 Qxg3# 0-1


[Site "https://www.chess.com"]

[Event "Titled Tuesday Blitz May 16 Early 2023"]
[White "Necula, Iulian"]
[Black "Grabinsky, Vladimir"]
[WhiteFideId "1232380"]
[BlackFideId "14107074"]
[WhiteElo "1790"]
[BlackElo "2027"]
[Result "0-1"]
[Round "10"]
[TimeControl "180+2"]
[Date "2023.05.16"]
[WhiteClock "0:00:07"]
[BlackClock "0:00:07"]

1. d4 Nf6 2. Nc3 d5 3. Bf4 c5 4. e3 cxd4 5. exd4 a6 6. Nf3 Nc6 7. h3 Bf5 8. a3 e6 9. Ne5 Be7 10. Bd3 Nxd4 11. O-O Bxd3 12. Qxd3 Nc6 13. Nf3 O-O 14. Rfe1 Bd6 15. Bg5 h6 16. Bh4 g5 17. Nxg5 hxg5 18. Bxg5 Be7 19. Qg3 Kh8 20. Qh4+ Nh7 21. Bxe7 Qxe7 22. Qf4 Rg8 23. Nxd5 Qg5 24. Qxg5 Rxg5 25. Ne3 Rd8 26. Rad1 Rxd1 27. Rxd1 Nf6 28. g4 Rb5 29. b4 Kg7 30. c4 Re5 31. Rd3 Re4 32. Rc3 Nd4 33. Kg2 Nd7 34. c5 Ne5 35. Nc2 Nxc2 36. Rxc2 Rc4 37. Re2 f6 38. Kg3 Rc3+ 39. Kg2 Rxa3 40. f4 Nd3 41. Rxe6 Nxf4+ 0-1


[Site "https://www.chess.com"]

[Event "Titled Tuesday Blitz May 16 Early 2023"]
[White "Ankudinova, Yelena"]
[Black "Sanchez, Robert"]
[WhiteFideId "13702114"]
[BlackFideId "2034360"]
[WhiteElo "1937"]
[BlackElo "1868"]
[Result "1-0"]
[Round "10"]
[TimeControl "180+2"]
[Date "2023.05.16"]
[WhiteClock "0:00:14"]
[BlackClock "0:00:26"]

1. c4 e5 2. Nc3 Nf6 3. Nf3 Nc6 4. e3 d5 5. cxd5 Nxd5 6. Bb5 Nxc3 7. bxc3 Bd6 8. d4 e4 9. Ng1 O-O 10. Ne2 Ne7 11. Ng3 f5 12. Qb3+ Kh8 13. Bd2 Ng6 14. O-O-O c6 15. Be2 a5 16. c4 a4 17. Qc2 Ba3+ 18. Kb1 c5 19. Bc3 Ra6 20. Ka1 Qe7 21. d5 Bb4 22. Nh5 Bxc3+ 23. Qxc3 Ne5 24. Rb1 g6 25. Nf4 Qg7 26. h4 Kg8 27. h5 g5 28. h6 Qh8 29. Ne6 Bxe6 30. dxe6 b6 31. Rbd1 Qf6 32. Rd6 Re8 33. Rh5 g4 34. f4 exf3 35. gxf3 Rxe6 36. Rxe6 Qxe6 37. f4 Qg6 38. Qxe5 1-0


[Site "https://www.chess.com"]

[Event "Titled Tuesday Blitz May 16 Early 2023"]
[White "De Souza, Cristiano Gomes"]
[Black "Hartikainen, Jarmo"]
[WhiteFideId "2151758"]
[BlackFideId "503134"]
[WhiteElo "2068"]
[BlackElo "2091"]
[Result "1/2-1/2"]
[Round "10"]
[TimeControl "180+2"]
[Date "2023.05.16"]
[WhiteClock "0:01:50"]
[BlackClock "0:00:15"]

1. d4 Nf6 2. c4 g6 3. Nc3 d5 4. Bf4 Bg7 5. e3 O-O 6. Nf3 c5 7. dxc5 Qa5 8. Rc1 Ne4 9. cxd5 Nxc3 10. bxc3 Bxc3+ 11. Nd2 Qxc5 12. Qc2 Bxd2+ 13. Qxd2 Qa3 14. Rc3 Qb4 15. Bc4 Nd7 16. O-O Nb6 17. Bb3 Bf5 18. d6 exd6 19. Bxd6 Rfd8 20. Bxb4 Rxd2 21. Rc7 Rd7 22. Rxd7 Nxd7 23. Rc1 Nb6 24. Rc7 Rc8 25. Bxf7+ Kg7 26. Bc3+ Kf8 27. Rxc8+ Nxc8 28. Bd5 b6 29. e4 Bd7 30. f4 Ke7 31. e5 Be6 32. Bb4+ Kd7 33. Bxe6+ Kxe6 34. g4 a5 35. Bc3 Kd5 36. Kf2 Na7 37. Ke3 Nc6 38. h4 b5 39. a3 b4 40. axb4 axb4 41. Ba1 b3 42. Kd3 Nb4+ 43. Kc3 Nc2 44. Bb2 Ne3 45. h5 Ng2 46. hxg6 hxg6 47. f5 gxf5 48. gxf5 Kxe5 49. Kxb3+ Kxf5 1/2-1/2


[Site "https://www.chess.com"]

[Event "Titled Tuesday Blitz May 16 Early 2023"]
[White "Dahlgren, James Allen"]
[Black "Howell, David W L"]
[WhiteFideId "22256873"]
[BlackFideId "410608"]
[WhiteElo "2188"]
[BlackElo "2567"]
[Result "0-1"]
[Round "10"]
[TimeControl "180+2"]
[Date "2023.05.16"]
[WhiteClock "0:01:34"]
[BlackClock "0:01:44"]

1. d3 e5 2. f4 exf4 3. Bxf4 d5 4. Nf3 Bd6 5. Bxd6 Qxd6 6. Nbd2 Nf6 7. e4 dxe4 8. dxe4 Nc6 9. Bd3 Be6 10. Qe2 Ng4 11. O-O-O O-O-O 12. h3 Nge5 13. Nxe5 Nxe5 14. Nb3 Qb6 15. Kb1 Rd6 16. Rhf1 Rhd8 17. c4 Rxd3 18. Rxd3 Rxd3 0-1


[Site "https://www.chess.com"]

[Event "Titled Tuesday Blitz May 16 Early 2023"]
[White "Guevara Sanchez, Erick Marvin"]
[Black "NtcPou"]
[WhiteFideId "6700136"]
[WhiteElo "2040"]
[BlackElo "2031"]
[Result "1-0"]
[Round "10"]
[TimeControl "180+2"]
[Date "2023.05.16"]
[WhiteClock "0:01:40"]
[BlackClock "0:01:05"]

1. e4 c6 2. d4 d5 3. exd5 cxd5 4. Bd3 Nc6 5. c3 Nf6 6. f4 Bg4 7. Nf3 e6 8. O-O Bd6 9. Qe1 Bxf3 10. Rxf3 O-O 11. Nd2 Qc7 12. Qh4 Ne7 13. g3 Ng6 14. Qh3 a6 15. Nf1 b5 16. Ne3 b4 17. Bd2 bxc3 18. Bxc3 Ne4 19. Rc1 Rab8 20. f5 exf5 21. Nxd5 Qc6 22. Qxf5 Nxc3 23. Rxc3 Qb7 24. Rb3 Qc6 25. h4 Rxb3 26. axb3 Ne7 27. Qxh7# 1-0


[Site "https://www.chess.com"]

[Event "Titled Tuesday Blitz May 16 Early 2023"]
[White "Vargas, Mauricio"]
[Black "Lakshmi C"]
[WhiteFideId "4404572"]
[BlackFideId "25035347"]
[WhiteElo "1986"]
[BlackElo "1942"]
[Result "0-1"]
[Round "10"]
[TimeControl "180+2"]
[Date "2023.05.16"]
[WhiteClock "0:00:00"]
[BlackClock "0:00:04"]

1. e4 c5 2. f4 Nc6 3. Nf3 g6 4. Bc4 e6 5. a4 Bg7 6. e5 d6 7. Nc3 dxe5 8. fxe5 Nxe5 9. Nxe5 Bxe5 10. O-O Bd4+ 11. Kh1 Ne7 12. Qf3 O-O 13. Ne4 Nf5 14. g4 Nh4 15. Qh3 b6 16. d3 Bb7 17. Bf4 Kh8 18. c3 Bg7 19. Kg1 Bxe4 20. dxe4 g5 21. Rad1 Qe7 22. Bd6 Qb7 23. Bxf8 Rxf8 24. Qe3 h6 25. Bb5 a6 26. Bc4 Ng6 27. Rd2 Be5 28. Rfd1 Bf4 29. Qh3 Bxd2 0-1


[Site "https://www.chess.com"]

[Event "Titled Tuesday Blitz May 16 Early 2023"]
[White "Simonovic, Miroslav"]
[Black "Kretchetov, Alexandre"]
[WhiteFideId "919152"]
[BlackFideId "4124588"]
[WhiteElo "2042"]
[BlackElo "2421"]
[Result "1-0"]
[Round "10"]
[TimeControl "180+2"]
[Date "2023.05.16"]
[WhiteClock "0:01:54"]
[BlackClock "0:01:30"]

1. d4 d5 2. Bg5 f6 3. Bh4 Bf5 4. e3 Nd7 5. Bd3 Bxd3 6. Qxd3 c5 7. dxc5 Nxc5 8. Qb5+ Nd7 9. Qxb7 e6 10. Qa6 Bc5 11. Qxe6+ Ne7 12. Nc3 d4 13. Nd5 Rc8 14. Nxe7 Qxe7 15. Qxe7+ Kxe7 16. exd4 Bxd4 17. O-O-O Be5 18. Nf3 Rhd8 19. Rhe1 Kf7 20. Nxe5+ Nxe5 21. Rxd8 Rxd8 22. Rxe5 fxe5 23. Bxd8 1-0


[Site "https://www.chess.com"]

[Event "Titled Tuesday Blitz May 16 Early 2023"]
[White "Mamedyarov, Shakhriyar"]
[Black "Lenderman, Aleksandr"]
[WhiteFideId "13401319"]
[BlackFideId "2021285"]
[WhiteElo "2704"]
[BlackElo "2607"]
[Result "1-0"]
[Round "11"]
[TimeControl "180+2"]
[Date "2023.05.16"]
[WhiteClock "0:00:23"]
[BlackClock "0:00:01"]

1. d4 e6 2. c4 b6 3. a3 Bb7 4. Nc3 f5 5. Qc2 Nf6 6. Bg5 Be7 7. f3 O-O 8. O-O-O c5 9. e3 Nc6 10. d5 exd5 11. Bxf6 Bxf6 12. Nxd5 Ne5 13. Ne2 g6 14. Kb1 Bg7 15. h4 Bxd5 16. Rxd5 Qf6 17. Nc3 Rae8 18. h5 d6 19. Be2 Nf7 20. e4 f4 21. hxg6 hxg6 22. Rd2 Qg5 23. Bf1 Be5 24. Nd5 Kg7 25. Bd3 Rh8 26. Rhd1 Bd4 27. Qa4 a5 28. Bf1 Rb8 29. Ka2 Qe5 30. Qb5 g5 31. Rd3 Rh1 32. Rb3 Qe6 33. Qc6 Rc8 34. Qb7 Rhh8 35. Rxb6 Rb8 36. Qxb8 Rxb8 37. Rxb8 Ne5 38. Rb7+ Kf8 39. Be2 Qh6 40. Nc7 Kg8 41. Nb5 Nc6 42. Rb6 Ne7 43. Nxd4 cxd4 44. c5 Qe6+ 45. Ka1 Qe5 46. cxd6 Ng6 47. d7 Qe7 48. Rxg6+ Kf7 49. Rxd4 Qd8 50. Rc6 Ke7 51. Rc8 1-0


[Site "https://www.chess.com"]

[Event "Titled Tuesday Blitz May 16 Early 2023"]
[White "Yeletsky, Ivan"]
[Black "Erigaisi Arjun"]
[WhiteFideId "24180327"]
[BlackFideId "35009192"]
[WhiteElo "2380"]
[BlackElo "2719"]
[Result "1-0"]
[Round "11"]
[TimeControl "180+2"]
[Date "2023.05.16"]
[WhiteClock "0:00:36"]
[BlackClock "0:00:13"]

1. e4 d6 2. d4 g6 3. Nc3 Bg7 4. Be3 a6 5. g4 b5 6. Bg2 Bb7 7. h4 b4 8. Nd5 Nf6 9. h5 Nbd7 10. h6 Bf8 11. c4 e6 12. Nxf6+ Nxf6 13. Qa4+ Qd7 14. Qxb4 Rb8 15. g5 Nxe4 16. d5 Nc5 17. Qc3 Rg8 18. O-O-O Be7 19. Bxc5 dxc5 20. dxe6 Qxe6 21. Bxb7 Bxg5+ 22. Kb1 Rxb7 23. Nf3 Bf6 24. Qd3 Rxb2+ 25. Kc1 Kf8 26. Rhe1 Qc8 27. Qe3 Rh8 28. Qxc5+ Kg8 29. Qc6 Qf8 30. Re8 1-0


[Site "https://www.chess.com"]

[Event "Titled Tuesday Blitz May 16 Early 2023"]
[White "Maghsoodloo, Parham"]
[Black "Nakamura, Hikaru"]
[WhiteFideId "12539929"]
[BlackFideId "2016192"]
[WhiteElo "2655"]
[BlackElo "2885"]
[Result "0-1"]
[Round "11"]
[TimeControl "180+2"]
[Date "2023.05.16"]
[WhiteClock "0:00:00"]
[BlackClock "0:00:08"]

1. d4 Nf6 2. c4 e6 3. Nf3 Bb4+ 4. Nbd2 c5 5. a3 Bxd2+ 6. Qxd2 b6 7. e3 Bb7 8. Be2 Ne4 9. Qc2 Ng5 10. d5 exd5 11. Qf5 Nxf3+ 12. Bxf3 O-O 13. cxd5 d6 14. Bd2 Nd7 15. Bc3 Re8 16. Rd1 Ne5 17. Be2 Qh4 18. O-O Bc8 19. Qc2 Ng4 20. Bxg4 Bxg4 21. f3 Bd7 22. e4 Qh6 23. Rfe1 Qg6 24. Qf2 Re7 25. Qg3 Qxg3 26. hxg3 h5 27. Kf2 f6 28. Rh1 Be8 29. Rh4 Bg6 30. g4 hxg4 31. Rxg4 Kf7 32. Rh1 b5 33. Rh3 Rg8 34. Rf4 Ree8 35. g4 Ke7 36. g5 fxg5 37. Rg4 Rh8 38. Rhg3 Rh2+ 39. Ke3 Rh5 40. Bxg7 Rg8 41. Bc3 Be8 42. Rg2 Bd7 43. R4g3 Kf7 44. Kf2 a6 45. Bd2 g4 46. Bf4 gxf3 47. Rxg8 fxg2 48. Rxg2 Rh4 49. Ke3 Rh3+ 50. Kf2 Rh4 51. Kf3 Rh3+ 52. Bg3 Ke7 53. Kf4 Rh6 54. Bf2 Be8 55. Rg7+ Bf7 56. Rg4 Ke8 57. Bh4 Rh5 58. Bf6 Rh2 59. Rg7 Rf2+ 60. Kg5 a5 61. Rh7 Rg2+ 62. Kf5 Rf2+ 63. Kg5 Rg2+ 64. Kf4 b4 65. Rh8+ Bg8 66. e5 dxe5+ 67. Kxe5 Kd7 68. d6 Rg1 69. Be7 Rg2 70. axb4 axb4 71. Kf4 c4 72. Ke3 c3 73. bxc3 b3 74. c4 b2 75. Rh1 Bh7 76. Rxh7 b1=Q 77. Bf6+ Qxh7 0-1


[Site "https://www.chess.com"]